 Dungeon Crawl Stone Soup version 0.22-a0-558-gc224181 (webtiles) character file.

113 inc the Conjurer (level 4, -5/30 HPs)
             Began as a Mummy Fire Elementalist on June 27, 2018.
             Slain by Grinder (9 damage)
             ... while paralysed by Grinder
             ... on level 2 of the Dungeon.
             The game lasted 00:04:18 (2399 turns).

inc the Conjurer (Mummy Fire Elementalist)          Turns: 2399, Time: 00:04:19

Health: -5/30      AC:  2    Str: 11    XL:     4   Next: 65%
Magic:  0/8        EV:  2    Int: 15    God:
Gold:   166        SH:  0    Dex: 12    Spells: 7/8 levels left

rFire    x . .     SeeInvis .   c - +2 short sword (speed)
rCold    + . .     Gourm    .   (no shield)
rNeg     + + +     Faith    .   a - +0 robe
rPois    ∞         Spirit   .   (no helmet)
rElec    .         Reflect  .   (no cloak)
rCorr    .         Harm     .   (no gloves)
MR       .....                  (no boots)
Stlth    ++........             (no amulet)
HPRegen  0.10/turn              (no ring)
MPRegen  0.11/turn              (no ring)

@: paralysed
A: no food or potions, fire vulnerability, cold resistance 1, negative energy
resistance 3, torment resistance, unbreathing
a: no special abilities


You were on level 2 of the Dungeon.
You were not hungry.

You visited 1 branch of the dungeon, and saw 3 of its levels.

You collected 166 gold pieces.

Inventory:

Hand Weapons
 c - a +2 short sword of speed (weapon)
Armour
 a - a +0 robe (worn)
Wands
 j - a wand of paralysis (13)
Scrolls
 b - 2 scrolls of remove curse {unknown}
 e - a scroll of noise {unknown}
 f - 2 scrolls of fear {unknown}
 g - 2 scrolls of blinking {unknown}
 h - a scroll of magic mapping {unknown}
 i - 4 scrolls of identify {unknown}
 k - a scroll of teleportation {unknown}
Comestibles
 d - 2 rations


   Skills:
 - Level 1.5 Dodging
 - Level 1.5 Stealth
 - Level 2.6 Spellcasting
 + Level 3.3 Conjurations
 + Level 3.0 Fire Magic


You had 7 spell levels left.
You knew the following spells:

 Your Spells              Type           Power        Failure   Level  Hunger
a - Flame Tongue          Conj/Fire      ##...        5%          1    N/A

Your spell library contained the following spells:

 Spells                   Type           Power        Failure   Level  Hunger
 Fireball                 Conj/Fire      ##........   83%         5    N/A
 Conjure Flame            Conj/Fire      ##......     17%         3    N/A
 Throw Flame              Conj/Fire      ##....       9%          2    N/A
 Sticky Flame             Conj/Fire      ##......     50%         4    N/A
 Inner Flame              Hex/Fire       #.......     32%         3    N/A

Dungeon Overview and Level Annotations

Branches:
Dungeon (3/15)

Altars:
Dithmenos
Nemelex Xobeh

Annotations:
D:2 Grinder


Innate Abilities, Weirdness & Mutations

You do not eat or drink.
Your flesh is vulnerable to fire.
You are immune to poison.
Your flesh is cold resistant. (rC+)
You are immune to negative energy. (rN+++)
You are immune to unholy pain and torment.
You can survive without breathing.


Message History

Press: ? - help, Shift-Dir - straight line, f/p - Grinder
Aim: Grinder (severely wounded)
The flame tongue hits Grinder.
Grinder is severely wounded.
Grinder closely misses you.
You hit Grinder.
Grinder is severely wounded.
Casting: Flame Tongue (safe; 5% risk of failure)
Confirm with . or Enter, or press ? or * to list all spells.
Aiming: Flame Tongue (safe; 5% risk of failure)
Press: ? - help, Shift-Dir - straight line, f/p - Grinder
Aim: Grinder (severely wounded)
The flame tongue hits Grinder.
Grinder is almost dead.
Grinder gestures at you.
You suddenly lose the ability to move!
Grinder hits you.
* * * LOW HITPOINT WARNING * * *
Grinder hits you!
You die...

#..#####.##.###.#.# #.#
#.#### #..# #.##.###.#.# #.#
#.# # #..# #..........# #.#
#.# # ##.# #.##...#.### #.#
#.# # #.#####.####.#.# #.#
#.# # #.......# #.#.# #.#
#.# ######.#.#### #.#.#
##.###.#
.........#######5#.#
#...##.#
######.#........@#.#
#......# #.#.#########.#
#...#..# #.#.#.........#
#####..### #.#.#.#########
#.....# #.#.#.# #.....##
#.....# #.....).
###.#################....)##
#......†.........##.....#
################.###.####


You could see Grinder.

Vanquished Creatures
  3 adders
  A worm (D:3)
  4 dart slugs
  2 leopard geckos (D:1)
  7 orcs
  7 bats
  4 giant cockroaches
  6 goblins
  8 hobgoblins
  4 jackals (D:1)
  A quokka (D:2)
  4 frilled lizards
  3 kobolds
  9 rats
63 creatures vanquished.

Notes
Turn   | Place    | Note
-------+----------+-------------------------------------------
     0 | D:1      | inc the Mummy Fire Elementalist began the quest for the Orb.
     0 | D:1      | Reached XP level 1. HP: 13/13 MP: 4/4
    33 | D:1      | Reached skill level 1 in Conjurations
   145 | D:1      | Reached XP level 2. HP: 19/19 MP: 3/5
   401 | D:1      | Reached XP level 3. HP: 14/24 MP: 1/7
   731 | D:2      | Found a shadowy altar of Dithmenos.
  1453 | D:2      | Reached XP level 4. HP: 28/30 MP: 2/8
  1667 | D:3      | Found a sparkling altar of Nemelex Xobeh.
  2256 | D:3      | Noticed Grinder
  2397 | D:2      | Paralysed by Grinder for 5 turns
  2399 | D:2      | Slain by Grinder

Vault maps used:
D:1:      dpeg_arrival_rooms_b
D:2:      first_ration, nicolae_dithmenos_shadow_blocks
D:3:      serial_park_tiny_2, nemelex_spade_bored_becter, uniq_grinder

Skill      XL: |  1  2  3  4 |
---------------+-------------+-----
Conjurations   | 1 2 3 |  3.3
Fire Magic     | 3 |  3.0
Dodging        | |  1.5
Stealth        | |  1.5
Spellcasting   | |  2.6

Action                   |  1- 3 |  4- 6 || total
-------------------------+-------+-------++-------
Melee: Short sword       |    37 |    15 ||    52
 Cast: Flame Tongue      |    58 |    45 ||   103
Armor: Robe              |    19 |     3 ||    22
Dodge: Dodged            |    55 |    30 ||    85

Table legend:
 A = Spawn XP
 B = Non-spawn XP
 C = Spawn XP percentage of total XP
 D = Spawn monster count
 E = Non-spawn monster count
 F = Spawn count percentage of total count
 G = Total turns spent on level
                    A         B        C        D         E        F      G
               +---------+---------+-------+---------+---------+-------+---------
         Total |       0 |     162 |   0.0 |       0 |      63 |   0.0 |  2399
               +---------+---------+-------+---------+---------+-------+---------
           D:1 |       0 |      43 |   0.0 |       0 |      22 |   0.0 |   679
           D:2 |       0 |      70 |   0.0 |       0 |      26 |   0.0 |  1226
           D:3 |       0 |      49 |   0.0 |       0 |      15 |   0.0 |   494
               +---------+---------+-------+---------+---------+-------+---------
